 Dungeon Sprint DCSS version 0.27.1-35-g4d5d836560 (webtiles) character file.

Game seed: 5225428537967182845

18509 Groucho the Timeless (level 12, -2/123 HPs)
             Began as a Deep Dwarf Fighter on Nov 22, 2022.
             Was a High Priest of Cheibriados.
             Succumbed to poison (poison gas)
             ... in the Dungeon (Sprint VII: "The Pits").
             The game lasted 00:08:01 (5985 turns).

Groucho the Timeless (Deep Dwarf Fighter)           Turns: 5985, Time: 00:08:02

Health: -2/123     AC: 20    Str: 35    XL:     12   Next: 28%
Magic:  3/22       EV: 27    Int: 21    God:    Cheibriados [*****.]
Gold:   57         SH: 17    Dex: 29    Spells: 11/11 levels left

rFire    . . .     SeeInvis .   u - +2 war axe (freeze)
rCold    . . .     Faith    .   c - +0 kite shield
rNeg     . . .     Spirit   .   w - +4 chain mail
rPois    .         Reflect  .   v - +0 helmet
rElec    .         Harm     .   y - +0 cloak
rCorr    .         Rampage  .   (no gloves)
Will     +....     NoTele   +   (no boots)
Stlth    ..........             (no amulet)
HPRegen  0.00/turn              k - +3 ring of evasion
MPRegen  0.18/turn              r - +3 ring of evasion

@: lethally poisoned (-2 -> -58), very slow
A: damage resistance, heal wounds, sense surroundings 2, no regeneration
a: Heal Wounds, Renounce Religion, Bend Time, Temporal Distortion, Slouch, Step
From Time


You were in the Dungeon.
You worshipped Cheibriados.
Cheibriados was extremely pleased with you.
You visited 1 branch You collected 57 gold pieces.

Inventory:

Hand Weapons
 a - a +2 flail of holy wrath
 b - a +0 spear
 q - a +4 vorpal hand axe
 t - a +2 morningstar of holy wrath
 u - a +2 war axe of freezing (weapon)
Missiles
 o - 10 stones
Armour
 c - a +0 kite shield (worn)
 v - a +0 helmet (worn)
 w - a +4 chain mail (worn)
 y - a +0 cloak (worn)
Jewellery
 k - a +3 ring of evasion (left hand)
 r - a +3 ring of evasion (right hand)
 z - a ring of willpower
 B - a ring of protection from fire
Wands
 x - a wand of mindburst (3)
Scrolls
 j - 4 scrolls of blinking
 m - 5 scrolls of amnesia
 n - a scroll of summoning
 p - 2 scrolls of vulnerability
 A - a scroll of holy word
 C - 6 scrolls of enchant weapon
 D - 4 scrolls of enchant armour
Potions
 d - 4 potions of might
 e - 9 potions of curing
 f - 11 potions of heal wounds
 g - 4 potions of haste
 h - 4 potions of magic
 i - 6 potions of berserk rage
 l - 3 potions of invisibility
 s - 2 potions of resistance


   Skills:
 + Level 12.6 Fighting
 + Level 14.7 Axes
 + Level 14.8 Armour
 + Level 11.8 Dodging
 + Level 14.8 Shields
 + Level 16.5 Invocations


You had 11 spell levels left.
You didn't know any spells.
Your spell library was empty.

Dungeon Overview and Level Annotations

Branches:
Dungeon (1/1)

Altars:
Ashenzari
Cheibriados
Dithmenos
Elyvilon
Fedhas
Gozag
Hepliaklqana
Kikubaaqudgha
Makhleb
Nemelex Xobeh
Okawaru
Qazlal
Ru
Sif Muna
Trog
Uskayaw
Vehumet
Wu Jian
Xom
Yredelemnul
Zin
The Shining One
Beogh
Jiyva
Lugonu


Innate Abilities, Weirdness & Mutations

You are resistant to damage.
You can heal yourself by infusing magical energy.
You passively map the area around you.
You do not regenerate.


Message History

You slice the tyrant leech!! You freeze the tyrant leech.
You kill the tyrant leech!
Cheibriados appreciates the change of pace.
You closely miss the chaos spawn. You block the chaos spawn's attack.
You slash the chaos spawn! You freeze the chaos spawn.
The chaos spawn is moderately wounded.
You block the chaos spawn's attack.
You slash the chaos spawn! You freeze the chaos spawn.
You kill the chaos spawn!
Cheibriados thoroughly appreciates the change of pace.
The chaos spawn degenerates into a cloud of primal chaos!
The swamp dragon breathes poison at you.
The blast of poison engulfs you!
You are poisoned.
You can feel time thicken for a moment.
You are engulfed in poison gas.
You are more poisoned.
You feel sick.
You can feel time thicken for a moment.
You are engulfed in poison gas.
You are more poisoned.
You feel extremely sick.
Unknown command.
You can feel time thicken for a moment.
Cheibriados lowers the support of your attributes as your movement quickens.
You are engulfed in poison gas.
You are more poisoned.
You feel extremely sick. The swamp dragon misses you.
You block the swamp dragon's attack. The swamp dragon tramples you.
You stumble backwards!
You can feel time thicken for a moment.
You kill the swamp dragon!
Cheibriados appreciates the change of pace.
Cheibriados lowers the support of your attributes as your movement quickens.
You are engulfed in poison gas.
You are lethally poisoned!
* * * LOW HITPOINT WARNING * * *
You feel extremely sick.
You are engulfed in poison gas.
You are more poisoned.
* * * LOW HITPOINT WARNING * * *
You die...

, ,+ + *, , + , , * ++
+* + * , , *+ ,, , , *
* * *
####################+#
.......)........°°°°°#
.......)........@°.○°#
###++##############..#
, ,* ..# ,, , * , *..#
,, , , ..# , * ** *..#
,, * * ,, ..# ,,, , ,,
,*..# , , , ,* ,


There were no monsters in sight!

Vanquished Creatures
  Frances (D)
  A death cob (D)
  A hydra (D)
  Erolcha (D)
  An alligator (D)
  A sea snake (D)
  A swamp dragon (D)
  A lindwurm (D)
  2 orc sorcerers (D)
  2 deep elf pyromancers (D)
  Maurice (D)
  A guardian serpent (D)
  2 molten gargoyles (D)
  An orange demon (D)
  A rime drake (D)
  A gargoyle (D)
  An efreet (D)
  A demonic crawler (D)
  A komodo dragon (D)
  A tyrant leech (D)
  A troll (D)
  A hornet (D)
  A jumping spider (D)
  10 blink frogs (D)
  4 dream sheep (D)
  2 redbacks (D)
  2 flying skulls (D)
  A tarantella (D)
  A small abomination (D)
  A vampire (D)
  4 spriggans (D)
  A wyvern (D)
  A steam dragon (D)
  A chaos spawn (D)
  Edmund (D)
  2 floating eyes (D)
  A sky beast (D)
  A swamp drake (D)
  An ice beast (D)
  4 wolves (D)
  2 centaurs (D)
  A kobold brigand (D)
  A bullfrog (D)
  A scorpion (D)
  5 wights (D)
  A crimson imp (D)
  An iron imp (D)
  A quasit (D)
  A gnoll shaman (D)
  An iguana (D)
  2 gnolls (D)
  A white imp (D)
  An ufetubus (D)
  2 worms (D)
  A bat (D)
  A bat skeleton (D)
  An endoplasm (D)
  A giant cockroach (D)
  3 jackals (D)
  A kobold (D)
  3 quokkas (D)
  A ball python skeleton (D)
  3 rats (D)
100 creatures vanquished.

Notes
Turn   | Place    | Note
-------+----------+-------------------------------------------
     0 | D        | Groucho the Deep Dwarf Fighter began the quest for the Orb.
     0 | D        | Reached XP level 1. HP: 20/20 MP: 1/1
    50 | D        | Found a bloodstained altar of Trog.
    50 | D        | Found a shimmering blue altar of Sif Muna.
    50 | D        | Found a viscous altar of Jiyva.
    50 | D        | Found a hazy altar of Hepliaklqana.
    50 | D        | Found an opulent altar of Gozag.
    51 | D        | Found a glowing golden altar of the Shining One.
    51 | D        | Found a glowing silver altar of Zin.
    51 | D        | Found a basalt altar of Yredelemnul.
    51 | D        | Found a shimmering altar of Xom.
    51 | D        | Found an ornate altar of the Wu Jian Council.
    51 | D        | Found a sacrificial altar of Ru.
    51 | D        | Found a stormy altar of Qazlal.
    51 | D        | Found an iron altar of Okawaru.
    51 | D        | Found a sparkling altar of Nemelex Xobeh.
    51 | D        | Found a burning altar of Makhleb.
    51 | D        | Found a blossoming altar of Fedhas.
    51 | D        | Found a white marble altar of Elyvilon.
    51 | D        | Found a shadowy altar of Dithmenos.
    51 | D        | Found a snail-covered altar of Cheibriados.
    52 | D        | Found a radiant altar of Vehumet.
    52 | D        | Found a corrupted altar of Lugonu.
    53 | D        | Found an ancient bone altar of Kikubaaqudgha.
    53 | D        | Found a hide-covered altar of Uskayaw.
    53 | D        | Found a broken altar of Ashenzari.
    60 | D        | Became a worshipper of Cheibriados the Contemplative
    89 | D        | Reached * piety under Cheibriados
    97 | D        | Reached ** piety under Cheibriados
   107 | D        | Reached XP level 2. HP: 26/28 MP: 2/2
   109 | D        | Reached *** piety under Cheibriados
   120 | D        | Noticed a floating eye
   123 | D        | Paralysed by a floating eye for 3 turns
   127 | D        | Killed a floating eye
   127 | D        | Reached **** piety under Cheibriados
   128 | D        | Reached skill level 5 in Axes
   128 | D        | Reached skill level 5 in Armour
   128 | D        | Reached skill level 5 in Shields
   128 | D        | Reached skill level 4 in Invocations
   128 | D        | Reached XP level 3. HP: 33/37 MP: 2/6
   128 | D        | Reached XP level 4. HP: 41/45 MP: 2/7
   128 | D        | Noticed a kobold brigand
   128 | D        | Noticed a floating eye
   135 | D        | Paralysed by a floating eye for 3 turns
   139 | D        | Killed a kobold brigand
   140 | D        | Reached skill level 5 in Fighting
   140 | D        | Reached skill level 5 in Invocations
   140 | D        | Reached XP level 5. HP: 47/52 MP: 3/9
   140 | D        | Paralysed by a floating eye for 4 turns
   145 | D        | Killed a floating eye
   145 | D        | Reached ***** piety under Cheibriados
   146 | D        | Reached skill level 6 in Invocations
   146 | D        | Reached XP level 6. HP: 56/62 MP: 4/11
   214 | D        | Noticed an ice beast
   233 | D        | Killed an ice beast
   234 | D        | Reached skill level 7 in Invocations
   265 | D        | Noticed a redback
   268 | D        | Killed a redback
   268 | D        | Reached ****** piety under Cheibriados
   269 | D        | Reached skill level 8 in Invocations
   269 | D        | Reached XP level 7. HP: 52/70 MP: 11/13
   582 | D        | Noticed Edmund
   582 | D        | Noticed a rime drake
   582 | D        | Noticed an orc sorcerer
   583 | D        | Paralysed by an orc sorcerer for 3 turns
   585 | D        | Noticed a chaos spawn
   586 | D        | Killed a rime drake
   586 | D        | Killed an orc sorcerer
   587 | D        | Reached skill level 10 in Invocations
   587 | D        | Reached XP level 8. HP: 58/81 MP: 3/15
   589 | D        | Killed Edmund
   935 | D        | Noticed a dream sheep
   935 | D        | Noticed a dream sheep
   935 | D        | Noticed a dream sheep
   935 | D        | Noticed a dream sheep
   938 | D        | Killed a dream sheep
   938 | D        | Killed a dream sheep
   939 | D        | Reached skill level 10 in Axes
   939 | D        | Reached skill level 10 in Armour
   939 | D        | Reached skill level 10 in Shields
   939 | D        | Reached skill level 11 in Invocations
   939 | D        | Killed a dream sheep
   941 | D        | Killed a dream sheep
   942 | D        | Gained mutation: You passively map the area around you.
                  | [Deep Dwarf growth]
   942 | D        | Reached XP level 9. HP: 56/90 MP: 6/17
  1503 | D        | Noticed a komodo dragon
  1510 | D        | Killed a komodo dragon
  1915 | D        | Reached skill level 12 in Invocations
  2354 | D        | Noticed an efreet
  2358 | D        | Reached skill level 5 in Dodging
  2360 | D        | Killed an efreet
  2361 | D        | Reached skill level 10 in Fighting
  2361 | D        | Reached skill level 13 in Invocations
  2361 | D        | Reached XP level 10. HP: 65/102 MP: 3/19
  2832 | D        | Noticed a sea snake
  2839 | D        | Killed a sea snake
  3253 | D        | Noticed a molten gargoyle
  3255 | D        | Killed a molten gargoyle
  3287 | D        | Noticed a gargoyle
  3290 | D        | Killed a gargoyle
  3940 | D        | Noticed an orange demon
  3945 | D        | Killed an orange demon
  3951 | D        | Noticed an alligator
  3951 | D        | Noticed a death cob
  3952 | D        | Killed a death cob
  3953 | D        | Reached skill level 14 in Invocations
  3953 | D        | Reached XP level 11. HP: 101/111 MP: 6/20
  3959 | D        | Killed an alligator
  3978 | D        | Noticed a spriggan rider
  3978 | D        | Noticed Maurice
  3980 | D        | Killed a spriggan rider
  3996 | D        | Killed Maurice
  3998 | D        | Noticed Erolcha
  4010 | D        | Reached skill level 10 in Dodging
  4010 | D        | Reached skill level 15 in Invocations
  4010 | D        | Killed Erolcha
  4032 | D        | Noticed a deep elf pyromancer
  4038 | D        | Killed a deep elf pyromancer
  4467 | D        | Noticed a deep elf pyromancer
  4473 | D        | Killed a deep elf pyromancer
  4480 | D        | Noticed a lindwurm
  4480 | D        | Noticed a four-headed hydra
  4483 | D        | Killed a lindwurm
  4484 | D        | Killed a five-headed hydra
  4883 | D        | Noticed an orc sorcerer
  4884 | D        | Paralysed by an orc sorcerer for 6 turns
  4890 | D        | Killed an orc sorcerer
  4891 | D        | Reached skill level 16 in Invocations
  4891 | D        | Reached XP level 12. HP: 82/123 MP: 11/23
  5468 | D        | Noticed Frances
  5483 | D        | Killed Frances
  5985 | D        | Succumbed to poison (poison gas)

Illustrated notes

Levels and vault maps discovered:
D:        pitsprint [storerooms_1, entrance_room_1, metal_vault_8, armoury_3,
          mini_pit_1, grid_room_1, main_hall_1, silver_pit, the_coven_3,
          the_vestibule_1, steel_vault_3, golden_pit, hallway_of_sentries,
          crystal_vault_6, iron_vault_4, final_vault]

Skill      XL: |  1  2  3  4  5  6  7  8  9 10 11 |
---------------+----------------------------------+-----
Fighting       | 3 4 5 6 8 10 11 12 | 12.6
Axes           | 3 5 6 7 9 10 11 12 14 | 14.7
Armour         | 4 5 6 7 8 9 10 11 13 14 | 14.8
Shields        | 5 6 7 8 9 10 11 13 14 | 14.8
Invocations    | 4 5 6 8 10 11 13 14 16 | 16.5
Dodging        | 3 6 9 11 | 11.8

Action                   |  1- 3 |  4- 6 |  7- 9 | 10-12 || total
-------------------------+-------+-------+-------+-------++-------
Melee: Hand axe          |    36 |    39 |    14 |       ||    89
       War axe           |     3 |       |     6 |    96 ||   105
Invok: Slouch            |       |       |     8 |    23 ||    31
 Abil: Heal Wounds       |       |       |     1 |     3 ||     4
Armor: Scale mail        |    15 |     3 |       |       ||    18
       Chain mail        |       |    11 |       |    19 ||    30
Dodge: Dodged            |     7 |     9 |     4 |    66 ||    86
Block: Kite shield       |    25 |    14 |    15 |    84 ||   138
